 Dungeon Crawl Stone Soup version 0.22-a0-608-g8a62e23 (webtiles) character file.

696 mopl the Sneak (level 7, -3/38 HPs)
             Began as a Deep Elf Assassin on July 9, 2018.
             Slain by a sky beast (6 damage)
             ... on level 5 of the Dungeon.
             The game lasted 00:13:15 (8460 turns).

mopl the Sneak (Deep Elf Assassin)                  Turns: 8460, Time: 00:13:15

Health: -3/38      AC:  5    Str:  8    XL:     7   Next: 37%
Magic:  9/9        EV: 11    Int: 16    God:
Gold:   232        SH:  4    Dex: 18    Spells: 6/6 levels left

rFire    . . .     SeeInvis .   a - +0 dagger (speed)
rCold    . . .     Gourm    .   F - +0 buckler
rNeg     + . .     Faith    .   D - +0 robe {rN+}
rPois    .         Spirit   .   (no helmet)
rElec    .         Reflect  .   u - +2 cloak
rCorr    .         Harm     .   (no gloves)
MR       .....                  (no boots)
Stlth    ++++......             (no amulet)
HPRegen  0.12/turn              (no ring)
MPRegen  0.11/turn              (no ring)

@: no status effects
A: no striking features
a: no special abilities


You were on level 5 of the Dungeon.
You were not hungry.

You visited 1 branch of the dungeon, and saw 6 of its levels.

You collected 232 gold pieces.

Inventory:

Hand Weapons
 a - a +0 dagger of speed (weapon)
 b - a +0 blowgun
 t - a +2 dagger
 y - a +0 rapier
Missiles
 f - 2 curare-tipped needles
 i - 5 javelins of penetration (quivered)
 o - 7 tomahawks
 p - 221 stones
 w - 17 poisoned needles
Armour
 u - a +2 cloak (worn)
 D - a +0 robe of positive energy (worn)
 F - a +0 buckler (worn)
Wands
 l - a wand of acid (8)
 x - a wand of enslavement (10)
Scrolls
 d - 2 scrolls of enchant armour {unknown}
 h - a scroll of torment {unknown}
 k - 2 scrolls of remove curse
 n - a scroll of magic mapping
 r - 4 scrolls of blinking {unknown}
 s - 2 scrolls of fog {unknown}
 v - 3 scrolls of amnesia {unknown}
 B - a scroll of enchant weapon {unknown}
 C - a scroll of immolation {unknown}
 E - a scroll of noise {unknown}
Potions
 e - a potion of haste
 j - 2 potions of might
 m - 2 potions of flight
 q - a potion of agility
 z - a potion of lignification {!q}
 A - a potion of ambrosia {unknown}
Comestibles
 c - 3 chunks of flesh
 g - 8 rations


   Skills:
 - Level 1.5 Fighting
 * Level 6.0 Short Blades
 + Level 4.4 Throwing
 - Level 1.2 Dodging
 + Level 7.2 Stealth
 + Level 0.0 Shields


You had 6 spell levels left.
You didn't know any spells.
Your spell library was empty.

Dungeon Overview and Level Annotations

Branches:
Dungeon (6/15)
 Temple: D:4-7

Altars:
Hepliaklqana


Message History

The centaur shoots an arrow.
The arrow hits you!
* * * LOW HITPOINT WARNING * * *
The centaur shoots an arrow.
The arrow completely misses you.
The centaur shoots an arrow.
The arrow hits you.
* * * LOW HITPOINT WARNING * * *
You see here an arrow.
The sky beast flickers out of sight!
Deactivating autopickup; reactivate with Ctrl-A.
The centaur shoots an arrow.
The arrow closely misses you.
The centaur shoots an arrow.
The arrow hits you.
* * * LOW HITPOINT WARNING * * *
There is a stone staircase leading up here.
Something hits you but does no damage.
You climb upwards.
There is a stone staircase leading down here.
You start resting.
Something hits you but does no damage. Something hits you.
* * * LOW HITPOINT WARNING * * *
Something shocks you.
You die...

.######
#.#########..#.........#
......#
#.............########.##
#.###.# ############.<#
#.## ......# #..# #...
...##.### #..###### ###.
........# #.......# #.
#.#.###.### ##.####.# ##
#.#.# #...#########
#.####.# #
#.#.###.........@>#
#...##.######
#.#........######{#
###.##.......
#.###.#..#.# #.#
#.######### #.#
#.#..#.#### #.#
#..........
#.###....#.[..###^#
#..########
#.....#######.....#
#..####
#####....#....###.#
#.....# ##...#..### #.#
##.##.#
#...#..#####.######.##.#


There were no monsters in sight!

Vanquished Creatures
  A centaur (D:6)
  A bullfrog (D:6)
  A water moccasin zombie (D:6)
  A crimson imp (D:3)
  An orc priest (D:5)
  2 bullfrog skeletons (D:5)
  Jessica (D:2)
  3 orc wizards
  4 worker ants
  6 adders
  3 shadow imps (D:5)
  An adder skeleton (D:6)
  An adder zombie (D:5)
  2 worms
  A dart slug (D:5)
  2 leopard geckos (D:3)
  17 orcs
  3 giant cockroaches
  6 goblins
  3 hobgoblins
  4 jackals
  7 kobolds
  A quokka (D:3)
  A ball python (D:3)
  4 bats
  4 frilled lizards
  7 rats
88 creatures vanquished.

Vanquished Creatures (others)
  4 toadstools (D:1)
4 creatures vanquished.

Grand Total: 92 creatures vanquished

Notes
Turn   | Place    | Note
-------+----------+-------------------------------------------
     0 | D:1      | mopl the Deep Elf Assassin began the quest for the Orb.
     0 | D:1      | Reached XP level 1. HP: 12/12 MP: 3/3
   416 | D:1      | Reached skill level 5 in Stealth
   429 | D:1      | Reached XP level 2. HP: 13/16 MP: 4/4
   944 | D:2      | Noticed Jessica
  1014 | D:2      | Killed Jessica
  1014 | D:2      | Reached skill level 3 in Short Blades
  1014 | D:2      | Reached XP level 3. HP: 20/20 MP: 5/5
  2797 | D:3      | Reached XP level 4. HP: 19/25 MP: 6/6
  3737 | D:4      | Noticed a phantom
  4008 | D:4      | Reached skill level 3 in Throwing
  4021 | D:4      | Reached XP level 5. HP: 15/29 MP: 7/7
  4450 | D:4      | Reached skill level 4 in Short Blades
  4910 | D:3      | Reached skill level 6 in Stealth
  5506 | D:5      | Entered Level 5 of the Dungeon
  5819 | D:5      | Reached XP level 6. HP: 4/34 MP: 8/8
  7016 | D:3      | Reached skill level 5 in Short Blades
  7903 | D:5      | Found a hazy altar of Hepliaklqana.
  7962 | D:5      | Reached skill level 4 in Throwing
  8154 | D:6      | Noticed a sky beast
  8234 | D:6      | Reached skill level 7 in Stealth
  8234 | D:6      | Reached XP level 7. HP: 34/38 MP: 9/9
  8280 | D:6      | Reached skill level 6 in Short Blades
  8460 | D:5      | Slain by a sky beast

Vault maps used:
D:1:      ldierk_walled_garden_2
D:2:      first_ration, serial_co_window_serial, co_window_corner_a,
          co_window_corner_a, co_window_paths_a, co_window_paths_b,
          co_window_paths_b, co_window_of_opportunity_a, co_window_paths_b,
          co_window_cross_1, co_window_of_opportunity_a,
          co_window_of_opportunity_c, co_window_cross_2, co_window_corner_cb,
          co_window_of_opportunity_c, co_window_broadway_b, co_window_paths_c,
          co_window_paths_e, glass_columns_b, glass_columns_c, minivault_23,
          uniq_jessica
D:5:      lemuel_coloured_pillars_altar

Skill      XL: |  1  2  3  4  5  6  7 |
---------------+----------------------+-----
Stealth        | 5 6 7 |  7.2
Short Blades   | 3 4 5 6 |  6.0
Throwing       | 3 4 |  4.4
Fighting       | |  1.5
Dodging        | |  1.2

Action                   |  1- 3 |  4- 6 |  7- 9 || total
-------------------------+-------+-------+-------++-------
Melee: Dagger            |   129 |   505 |     1 ||   635
       Rapier            |       |   114 |    16 ||   130
 Fire: Blowgun           |     9 |    69 |       ||    78
Throw: Tomahawk          |       |     3 |       ||     3
  Use: Scroll            |     5 |     2 |       ||     7
       Potion            |       |     1 |       ||     1
 Stab: Sleeping          |     4 |     7 |     1 ||    12
  Eat: Chunk             |     2 |    11 |     1 ||    14
       Ration            |     1 |     2 |       ||     3
Armor: Robe              |    20 |    94 |     5 ||   119
Dodge: Dodged            |    63 |   240 |    12 ||   315

Table legend:
 A = Spawn XP
 B = Non-spawn XP
 C = Spawn XP percentage of total XP
 D = Spawn monster count
 E = Non-spawn monster count
 F = Spawn count percentage of total count
 G = Total turns spent on level
                    A         B        C        D         E        F      G
               +---------+---------+-------+---------+---------+-------+---------
         Total |       0 |     995 |   0.0 |       0 |      88 |   0.0 |  8460
               +---------+---------+-------+---------+---------+-------+---------
           D:1 |       0 |      24 |   0.0 |       0 |      15 |   0.0 |   834
           D:2 |       0 |      52 |   0.0 |       0 |      10 |   0.0 |  1241
           D:3 |       0 |     138 |   0.0 |       0 |      23 |   0.0 |  2656
           D:4 |       0 |     121 |   0.0 |       0 |      11 |   0.0 |  1852
           D:5 |       0 |     340 |   0.0 |       0 |      21 |   0.0 |  1531
           D:6 |       0 |     320 |   0.0 |       0 |       8 |   0.0 |   346
               +---------+---------+-------+---------+---------+-------+---------
